 Dungeon Crawl Stone Soup version 0.25.0-1-g7eea58d2a3 (webtiles) character file.

Game seed: 17466172559225133882

1579 HoaS the Basher (level 8, -2/52 HPs)
             Began as a Gargoyle Fighter on June 14, 2020.
             Killed from afar by an orc wizard (4 damage)
             ... with a puff of flame
             ... on level 6 of the Dungeon.
             The game lasted 00:15:08 (4746 turns).

HoaS the Basher (Gargoyle Fighter)                  Turns: 4746, Time: 00:15:09

Health: -2/52      AC: 16    Str: 23    XL:     8   Next: 91%
Magic:  8/8        EV:  6    Int:  8    God:
Gold:   255        SH: 12    Dex:  9    Spells: 7/7 levels left

rFire    . . .     SeeInvis .   a - +1 flail
rCold    . . .     Gourm    .   p - +2 kite shield
rNeg     + . .     Faith    .   h - +0 chain mail
rPois    ∞         Spirit   .   (no helmet)
rElec    +         Reflect  .   (no cloak)
rCorr    .         Harm     .   n - +1 pair of gloves (curse)
MR       .....                  (no boots)
Stlth    ..........             (no amulet)
HPRegen  0.17/turn              (no ring)
MPRegen  0.11/turn              (no ring)

@: mighty
A: negative energy resistance 1, electricity resistance, unbreathing,
petrification resistance, rot immunity, AC +5
a: no special abilities


You were on level 6 of the Dungeon.
You were not hungry.

You visited 1 branch of the dungeon, and saw 6 of its levels.

You collected 255 gold pieces.

Inventory:

Hand Weapons
 a - a +1 flail (weapon)
Missiles
 v - 2 throwing nets (quivered)
Armour
 h - a +0 chain mail (worn)
 n - a cursed +1 pair of gloves (worn)
 p - a +2 kite shield (worn)
Wands
 s - a wand of flame (17)
Scrolls
 b - a scroll of identify
 i - 2 scrolls of remove curse
 j - 3 scrolls of fog
Potions
 d - a potion of might
 e - a potion of berserk rage
 g - a potion of ambrosia {unknown}
 k - a potion of curing {unknown}
 l - 3 potions of haste
 m - 2 potions of brilliance {unknown}
 q - a potion of mutation {unknown}
 r - 3 potions of heal wounds
 t - a potion of magic {unknown}
 u - a potion of degeneration {unknown}
 w - a potion of flight {unknown}
Comestibles
 c - 5 chunks of flesh
 f - 7 rations


   Skills:
 + Level 6.7 Fighting
 * Level 8.0 Maces & Flails
 - Level 3.2 Armour
 + Level 6.7 Shields


You had 7 spell levels left.
You didn't know any spells.
Your spell library was empty.

Dungeon Overview and Level Annotations

Branches:
Dungeon (6/15)
 Temple: D:4-7

Altars:
Elyvilon
Gozag
Qazlal
Zin

Shops:
D:4 [   D:6 (


Innate Abilities, Weirdness & Mutations

You are resistant to torment.
Your stone body is resilient. (AC +5)
You are immune to poison.
You resist negative energy. (rN+)
You are resistant to electric shocks. (rElec)
You can survive without breathing.
You are immune to petrification.
You are immune to rotting.


Message History

The orc priest hits you but does no damage.
Something completely misses you.
The orc priest invokes the aid of Beogh against you.
You struggle to resist.
The bullfrog hits you but does no damage.
You hear some strange, mumbled words.
Something tries to affect you, but you resist.
You bludgeon the orc priest!!
You kill the orc priest!
Your Maces & Flails skill increases to level 8!
You feel less confused. You block the bullfrog's attack.
The bullfrog swells and bulges.
The bullfrog hits you but does no damage.
You sock something! The orc completely misses you. The bullfrog hits you.
* * * LOW HITPOINT WARNING * * *
You hear some strange, mumbled words.
A puff of flame appears from out of thin air!
The puff of flame hits you.
You die...

##.#.....
#.♣..# #......
#....#
#......##....#
#......#
#......# .
#.....)########
.
####...........
#..o)...)...
#..F@.......
#..{........
#+##########


You could see a bullfrog and an orc.

Vanquished Creatures
  A sky beast (D:3)
  An ogre (D:4)
  3 centaurs (D:5)
  A gnoll sergeant (D:5)
  2 bullfrogs
  2 scorpions
  2 crimson imps
  3 bullfrog zombies
  4 hounds
  5 orc priests
  6 orc wizards
  Jessica (D:2)
  2 hound skeletons (D:5)
  A worker ant zombie (D:6)
  5 gnolls (D:5)
  2 adders (D:3)
  A howler monkey skeleton (D:5)
  2 oozes
  2 adder skeletons (D:5)
  6 worms
  3 dart slugs
  4 leopard geckos
  26 orcs
  8 giant cockroaches
  4 hobgoblins
  6 jackals
  4 kobolds
  2 quokkas
  A ball python (D:5)
  A ball python skeleton (D:4)
  9 bats
  6 frilled lizards
  A giant cockroach zombie (D:6)
  10 goblins
  13 rats
150 creatures vanquished.

Vanquished Creatures (others)
  An orc wizard (D:3)
1 creature vanquished.

Grand Total: 151 creatures vanquished

Notes
Turn   | Place    | Note
-------+----------+-------------------------------------------
     0 | D:1      | HoaS the Gargoyle Fighter began the quest for the Orb.
     0 | D:1      | Reached XP level 1. HP: 14/14 MP: 1/1
   147 | D:1      | Reached XP level 2. HP: 19/19 MP: 2/2
   450 | D:1      | Reached XP level 3. HP: 22/23 MP: 3/3
   815 | D:2      | Reached skill level 3 in Maces & Flails
   903 | D:2      | Noticed Jessica
   924 | D:2      | Killed Jessica
   924 | D:2      | Reached XP level 4. HP: 21/29 MP: 4/4
  1388 | D:2      | Found an opulent altar of Gozag.
  1388 | D:2      | Found a stormy altar of Qazlal.
  1616 | D:3      | Reached XP level 5. HP: 23/33 MP: 5/5
  1660 | D:3      | Reached skill level 4 in Maces & Flails
  2120 | D:3      | Found a glowing silver altar of Zin.
  2260 | D:3      | Reached XP level 6. HP: 34/39 MP: 6/6
  2634 | D:4      | Noticed a sky beast
  2849 | D:3      | Killed a sky beast
  2849 | D:3      | Reached skill level 5 in Maces & Flails
  2979 | D:4      | Reached skill level 5 in Fighting
  2979 | D:4      | Reached skill level 5 in Shields
  2979 | D:4      | Reached XP level 7. HP: 22/44 MP: 7/7
  3360 | D:4      | Reached skill level 6 in Maces & Flails
  3372 | D:4      | Found Veixeur's Antique Armour Emporium.
  3609 | D:4      | Found a white marble altar of Elyvilon.
  3766 | D:5      | Entered Level 5 of the Dungeon
  3815 | D:5      | Reached XP level 8. HP: 49/51 MP: 8/8
  3972 | D:5      | Got a vibrating steel amulet
  4036 | D:5      | Reached skill level 7 in Maces & Flails
  4322 | D:5      | Identified the amulet "Jiereicu" {Inacc rC+ Str+4} (You
                  | found it on level 5 of the Dungeon)
  4706 | D:6      | Found Ippati's Weapon Shoppe.
  4740 | D:6      | HP: 2/52 [bullfrog (5)]
  4745 | D:6      | Reached skill level 8 in Maces & Flails
  4746 | D:6      | HP: 2/52 [bullfrog (1)]
  4746 | D:6      | Killed from afar by an orc wizard

Illustrated notes

Levels and vault maps discovered:
D:1:      kilobyte_arrival_exit_the_forest, layout_basic
D:2:      layout_loops_ring, gammafunk_temple_overflow_statue, first_ration,
          uniq_jessica
D:3:      layout_basic, zin_statuary, minmay_increasing_density
D:4:      layout_loops_ring, elyvilon_altar_1, serial_shops,
          nicolae_shop_waterfront, grunt_ministairs_9
D:5:      layout_loops_ring
D:6:      layout_basic, serial_shops, nicolae_shop_trees,
          yredelemnul_altar_generic

Skill      XL: |  1  2  3  4  5  6  7  8 |
---------------+-------------------------+-----
Maces & Flails | 3 4 5 6 8 |  8.0
Shields        | 4 5 6 |  6.7
Fighting       | 4 5 6 |  6.7
Armour         | |  3.2

Action                   |  1- 3 |  4- 6 |  7- 9 || total
-------------------------+-------+-------+-------++-------
Melee: Flail             |    75 |    60 |   287 ||   422
       Whip              |    49 |   376 |       ||   425
  Use: Scroll            |     4 |     6 |     5 ||    15
       Potion            |       |       |     1 ||     1
  Eat: Chunk             |       |     8 |     6 ||    14
Armor: Scale mail        |    66 |    23 |       ||    89
       Chain mail        |       |   189 |   167 ||   356
Dodge: Dodged            |    28 |    81 |    57 ||   166
Block: Kite shield       |    42 |   196 |   183 ||   421
